 Dungeon Crawl Stone Soup version 0.21.1-72-gffa868e0fe (webtiles) character file.

409 Snailtan the Shield-Bearer (level 6, -5/38 HPs)
             Began as a Gargoyle Fighter on Aug 3, 2018.
             Slain by an iguana (8 damage)
             ... on level 4 of the Dungeon.
             The game lasted 00:07:42 (3156 turns).

Snailtan the Shield-Bearer (Gargoyle Fighter)       Turns: 3156, Time: 00:07:43

Health: -5/38      AC: 18    Str: 21    XL:     6   Next: 89%
Magic:  6/6        EV:  4    Int:  8    God:
Gold:   196        SH: 10    Dex: 10    Spells: 5/5 levels left

rFire    . . .     SeeInvis .   a - +1 flail
rCold    . . .     Gourm    .   c - +0 shield
rNeg     + . .     Faith    .   n - +0 plate armour
rPois    ∞         Spirit   .   A - +0 helmet
rElec    +         Reflect  .   (no cloak)
rCorr    .         Harm     .   x - +0 pair of gloves
MR       .....                  (no boots)
Stlth    ..........             (no amulet)
HPRegen  0.12/turn              e - ring of flight
MPRegen  0.10/turn              (no ring)

@: no status effects
A: negative energy resistance 1, electricity resistance, unbreathing,
petrification resistance, rot immunity, AC +4
a: Evoke Flight


You were on level 4 of the Dungeon.
You were not hungry.

You visited 1 branch of the dungeon, and saw 4 of its levels.

You collected 196 gold pieces.

Inventory:

Hand Weapons
 a - a +1 flail (weapon)
Armour
 b - a +0 scale mail
 c - a +0 shield (worn)
 m - a +0 scale mail of fire resistance
 n - a +0 plate armour (worn)
 x - a +0 pair of gloves (worn)
 A - a +0 helmet (worn)
Jewellery
 e - a ring of flight (left hand)
 q - a +3 ring of intelligence {unknown}
 u - an uncursed ring of protection from cold {unknown}
Wands
 y - a wand of flame (25)
Scrolls
 g - 5 scrolls of identify {unknown}
 h - 2 scrolls of remove curse {unknown}
 i - a scroll of enchant weapon
 k - a scroll of magic mapping {unknown}
 l - a scroll of teleportation {unknown}
 p - 2 scrolls of noise {unknown}
 r - 2 scrolls of immolation {unknown}
 s - 2 scrolls of enchant armour {unknown}
 v - 2 scrolls of blinking {unknown}
 w - a scroll of amnesia {unknown}
 B - a scroll of fear {unknown}
Potions
 d - a potion of might
 j - 4 potions of curing {unknown}
 o - 3 potions of heal wounds
 t - 2 potions of flight {unknown}
 z - a potion of brilliance {unknown}
Comestibles
 f - 11 rations


   Skills:
 + Level 3.9 Fighting
 + Level 4.3 Maces & Flails
 + Level 4.2 Armour
 + Level 0.7 Dodging
 + Level 0.1 Stealth
 + Level 5.8 Shields


You had 5 spell levels left.
You didn't know any spells.

Dungeon Overview and Level Annotations

Branches:
Dungeon (4/15)
 Temple: D:4-7

Altars:
Uskayaw


Innate Abilities, Weirdness & Mutations

You are resistant to torment.
Your stone body is resilient. (AC +4)
You are immune to poison.
You resist negative energy. (rN+)
You are resistant to electric shocks. (rElec)
You can survive without breathing.
You are immune to petrification.
You are immune to rotting.


Message History

As you read the scroll labeled YNENIK NETEGH, it crumbles to dust.
It is a scroll of enchant weapon.
Your +0 flail glows red for a moment.
The iguana bites you but does no damage.
You hit the iguana but do no damage.
The iguana is heavily wounded.
The iguana barely misses you. You block the iguana's attack.
The iguana bites you but does no damage.
There is an open door here.
The iguana bites you.
* * * LOW HITPOINT WARNING * * *
You block the iguana's attack.
Your plate armour prevents you from hitting the iguana.
The iguana is heavily wounded.
The iguana bites you but does no damage.
You hit the iguana.
The iguana is almost dead.
The iguana bites you!
You die...

..# #.....#...######### ..#
#.###.#...# ..#######.# #.#...#
........#.# ###..## ...####.#.#
#..# ...# #.#.# #..### .#.#
#.#.# #....# .#.# #.#.#
#.l..############## ##†#
##.#.#####.@..'............. #.#
#........#....############## #.#
#........#...[..############ #.#
#........#.##.#.#...........
#.####.#.#####.##.#.#.....##....
#.#...............#.#.....##.###
#.#.##.#.#####.####.#.....##.###
#...##.#.# #....#.#.....##...#
#######.#.# ####.#.#.....##...#


You could see an iguana.

Vanquished Creatures
  2 scorpions (D:4)
  Terence (D:2)
  Jessica (D:3)
  Natasha (twice) (D:2)
  A worker ant (D:4)
  3 gnolls (D:4)
  5 adders
  An adder skeleton (D:4)
  2 worms
  2 dart slugs
  2 leopard geckos (D:3)
  4 orcs
  8 bats
  10 giant cockroaches
  8 goblins
  10 hobgoblins
  11 jackals
  10 kobolds
  A quokka (D:2)
  A ball python (D:4)
  3 frilled lizards
  4 rats
92 creatures vanquished.

Notes
Turn   | Place    | Note
-------+----------+-------------------------------------------
     0 | D:1      | Snailtan the Gargoyle Fighter began the quest for the Orb.
     0 | D:1      | Reached XP level 1. HP: 14/14 MP: 1/1
    56 | D:1      | Reached XP level 2. HP: 19/19 MP: 2/2
   324 | D:1      | Reached XP level 3. HP: 14/23 MP: 3/3
   686 | D:2      | Noticed Terence
   719 | D:2      | Killed Terence
   719 | D:2      | Reached XP level 4. HP: 26/29 MP: 4/4
   846 | D:2      | Noticed Natasha
   855 | D:2      | Killed Natasha
   855 | D:2      | Reached skill level 4 in Shields
   871 | D:2      | Found a hide-covered altar of Uskayaw.
  1134 | D:2      | Noticed Natasha
  1140 | D:2      | Killed Natasha
  1140 | D:2      | Reached XP level 5. HP: 26/33 MP: 5/5
  1550 | D:3      | Noticed Jessica
  1576 | D:3      | Killed Jessica
  2111 | D:3      | Reached XP level 6. HP: 33/38 MP: 6/6
  2409 | D:4      | Reached skill level 5 in Shields
  3156 | D:4      | Slain by an iguana

Skill      XL: |  1  2  3  4  5  6 |
---------------+-------------------+-----
Maces & Flails | 3 4 |  4.3
Shields        | 4 5 |  5.8
Armour         | 4 |  4.2
Fighting       | |  3.9
Dodging        | |  0.7
Stealth        | |  0.1

Action                   |  1- 3 |  4- 6 || total
-------------------------+-------+-------++-------
Melee: Flail             |   109 |   331 ||   440
  Use: Scroll            |       |     1 ||     1
  Eat: Chunk             |       |     8 ||     8
Armor: Scale mail        |    88 |       ||    88
       Plate armour      |       |   270 ||   270
Dodge: Dodged            |    52 |    51 ||   103
Block: Shield            |    80 |   250 ||   330
